 Dungeon Crawl Stone Soup version 0.21.1-1-g345015fe64 (webtiles) character file.

1387 Lothor the Cleaver (level 8, -6/64 HPs)
             Began as a Minotaur Fighter on Apr 12, 2018.
             Killed from afar by Ijyb (22 damage)
             ... with a wand of acid (5)
             ... on level 5 of the Dungeon.
             The game lasted 00:10:23 (4269 turns).

Lothor the Cleaver (Minotaur Fighter)               Turns: 4269, Time: 00:10:24

Health: -6/64      AC: 12    Str: 22    XL:     8   Next: 40%
Magic:  7/7        EV:  8    Int:  5    God:
Gold:   269        SH:  9    Dex: 11    Spells: 7/7 levels left

rFire    + . .     SeeInvis .   a - +0 war axe
rCold    + . .     Gourm    .   c - +0 shield
rNeg     . . .     Faith    .   g - +1 plate armour
rPois    .         Spirit   .   (helmet restricted)
rElec    .         Reflect  .   y - scarf {rC+ rF+}
rCorr    .         Harm     .   (no gloves)
MR       .....                  (no boots)
Stlth    ..........             (no amulet)
HPRegen  0.20/turn              m - +4 ring of evasion
MPRegen  0.10/turn              (no ring)

@: no status effects
A: retaliatory headbutt, horns 2
a: no special abilities


You were on level 5 of the Dungeon.
You were not hungry.

You visited 1 branch of the dungeon, and saw 5 of its levels.
You also visited: Sewer.

You collected 269 gold pieces.

Inventory:

Hand Weapons
 a - a +0 war axe (weapon)
Missiles
 A - 5 tomahawks (quivered)
Armour
 c - a +0 shield (worn)
 g - a +1 plate armour (worn)
 y - a scarf of resistance (worn)
Jewellery
 m - a +4 ring of evasion (left hand)
Scrolls
 e - 2 scrolls of remove curse
 h - a scroll of immolation {unknown}
 k - a scroll of amnesia
 l - 7 scrolls of identify {unknown}
 n - a scroll of enchant armour
 p - a scroll of noise {unknown}
 r - a scroll of enchant weapon {unknown}
 s - 2 scrolls of random uselessness {unknown}
 B - a scroll of magic mapping
Potions
 b - 2 potions of mutation {unknown}
 d - 2 potions of might
 i - 5 potions of invisibility {unknown}
 j - 3 potions of haste {unknown}
 o - a potion of degeneration {unknown}
 q - 3 potions of curing {unknown}
 t - a potion of agility
 u - a potion of heal wounds {unknown}
 v - 2 potions of magic {unknown}
 w - a potion of resistance {unknown}
 C - a potion of flight {unknown}
Books
 z - a book of Minor Magic

   Spells                             Type                      Level
   a - Magic Dart                     Conjuration                  1
   b - Blink                          Translocation                2
   c - Call Imp                       Summoning                    2
   d - Slow                           Hexes                        2
   e - Conjure Flame                  Conjuration/Fire             3
   f - Mephitic Cloud                 Conjuration/Poison/Air       3
Comestibles
 f - 8 rations
 x - 5 chunks of flesh


   Skills:
 - Level 3.6 Fighting
 + Level 12.2 Axes
 - Level 3.6 Armour
 - Level 3.6 Shields


You had 7 spell levels left.
You didn't know any spells.

Dungeon Overview and Level Annotations

Branches:
Dungeon (5/15)
 Temple: D:4-7

Altars:
Gozag
Kikubaaqudgha
Nemelex Xobeh

Annotations:
D:5 Ijyb


Innate Abilities, Weirdness & Mutations

You reflexively headbutt those who attack you in melee.
You have a pair of horns on your head.


Message History

Some of the chunks of flesh in your inventory have rotted away.
A worker ant zombie comes into view.
You block Ijyb's attack.
The worker ant zombie waves its antennae.
You closely miss Ijyb. Your headbutt misses Ijyb.
Ijyb hits you but does no damage.
You closely miss Ijyb. Ijyb hits you but does no damage.
You hit Ijyb.
Ijyb is moderately wounded.
Ijyb zaps a wand.
The bolt of acid hits you!
You are splashed with acid!
The acid burns!
* * * LOW HITPOINT WARNING * * *
You closely miss Ijyb.
Ijyb is moderately wounded.
Ijyb hits you with a dagger.
* * * LOW HITPOINT WARNING * * *
You hit Ijyb but do no damage.
Ijyb is moderately wounded.
Ijyb zaps a wand.
The bolt of acid hits you!
You die...

.......# ##..######
.......## ##......#
........# ##..####
...)....# ####
........# ###
.......######.##
...............###
.................####
....#..######...@g..#*
...##..# ##..Z....#*
..####.# *#./.####.#
.## #.# #....# *** ##
#.# *#....# # *##*
**.###.# # *,*
**.#*,..# #
*,****.#*,,..#
*,,**,**,,,,,*


You could see Ijyb and a worker ant zombie.

Vanquished Creatures
  Pikel (D:5)
  Sigmund (D:2)
  A slave (D:5)
  Purgy (Sewer)
  An ogre (D:4)
  A scorpion (D:4)
  A howler monkey (D:4)
  A crimson imp (D:5)
  2 orc wizards
  4 orc priests
  An iguana (D:5)
  Terence (D:3)
  2 worker ants (D:4)
  2 hound zombies
  6 adders
  A river rat (D:5)
  2 oozes
  An adder skeleton (D:5)
  2 worms
  3 dart slugs
  2 leopard geckos
  13 orcs
  9 bats
  6 giant cockroaches
  7 goblins
  3 hobgoblins
  10 jackals
  4 quokkas
  5 frilled lizards
  A jackal zombie (D:5)
  12 kobolds
  3 rats
110 creatures vanquished.

Vanquished Creatures (others)
  An orc wizard (D:5)
  5 orcs (D:5)
6 creatures vanquished.

Grand Total: 116 creatures vanquished

Notes
Turn   | Place    | Note
-------+----------+-------------------------------------------
     0 | D:1      | Lothor the Minotaur Fighter began the quest for the Orb.
     0 | D:1      | Reached XP level 1. HP: 19/19 MP: 0/0
   101 | D:1      | Reached skill level 3 in Axes
   279 | D:1      | Reached XP level 2. HP: 24/26 MP: 1/1
   740 | D:2      | Reached skill level 4 in Axes
   778 | D:2      | Reached XP level 3. HP: 25/31 MP: 2/2
   790 | D:2      | Found an ancient bone altar of Kikubaaqudgha.
   985 | D:2      | Noticed Sigmund
   995 | D:2      | Killed Sigmund
   995 | D:2      | Reached skill level 7 in Axes
   995 | D:2      | Reached XP level 4. HP: 32/39 MP: 3/3
   995 | D:2      | Reached XP level 5. HP: 36/45 MP: 4/4
  1525 | D:3      | Noticed Terence
  1536 | D:3      | Killed Terence
  1536 | D:3      | Reached XP level 6. HP: 43/51 MP: 5/5
  1736 | D:3      | Found an opulent altar of Gozag.
  2115 | D:4      | Reached skill level 8 in Axes
  2370 | D:4      | Reached skill level 9 in Axes
  2594 | D:4      | Reached XP level 7. HP: 48/57 MP: 6/6
  2864 | D:4      | Found a sparkling altar of Nemelex Xobeh.
  3218 | D:5      | Entered Level 5 of the Dungeon
  3307 | D:5      | Reached skill level 10 in Axes
  3425 | D:5      | Noticed Pikel
  3704 | D:5      | Found a glowing drain.
  3708 | Sewer    | Entered a sewer
  3749 | Sewer    | Noticed Purgy
  3753 | Sewer    | Killed Purgy
  3998 | D:5      | Killed Pikel
  3998 | D:5      | Reached skill level 11 in Axes
  3998 | D:5      | Reached XP level 8. HP: 52/64 MP: 7/7
  4015 | D:5      | Reached skill level 12 in Axes
  4260 | D:5      | Noticed Ijyb
  4269 | D:5      | Killed from afar by Ijyb

Skill      XL: |  1  2  3  4  5  6  7  8 |
---------------+-------------------------+-----
Axes           | 3 4 7 9 11 12 | 12.2
Fighting       | |  3.6
Armour         | |  3.6
Shields        | |  3.6

Action                   |  1- 3 |  4- 6 |  7- 9 || total
-------------------------+-------+-------+-------++-------
Melee: War axe           |    79 |   125 |   126 ||   330
       Headbutt          |     8 |    23 |    26 ||    57
  Use: Scroll            |       |       |     6 ||     6
  Eat: Chunk             |       |     5 |     6 ||    11
Armor: Scale mail        |    21 |    40 |     1 ||    62
       Plate armour      |       |       |    59 ||    59
Dodge: Dodged            |    33 |    36 |    27 ||    96
Block: Shield            |    47 |    45 |    48 ||   140
